 Dungeon Crawl Stone Soup version 0.26.1-2-gb8aa6d0cf2 (webtiles) character file.

Game seed: 15212026094779738098

6113 windgrace the Blocker (level 10, -2/65 HPs)
             Began as a Gargoyle Fighter on Feb 12, 2021.
             Was a Priest of Cheibriados.
             Slain by a killer bee (7 damage)
             ... on level 9 of the Dungeon.
             The game lasted 00:31:04 (9332 turns).

windgrace the Blocker (Gargoyle Fighter)            Turns: 9332, Time: 00:31:05

Health: -2/65      AC: 21    Str: 30    XL:     10   Next: 89%
Magic:  9/12       EV:  9    Int: 12    God:    Cheibriados [***...]
Gold:   136        SH:  0    Dex: 15    Spells: 9/9 levels left

rFire    . . .     SeeInvis .   B - +3 halberd (protect)
rCold    + + .     Faith    .   (shield currently unavailable)
rNeg     + . .     Spirit   .   I - +0 chain mail
rPois    ∞         Reflect  .   F - +0 helmet
rElec    +         Harm     .   y - scarf {rC+ rF+}
rCorr    .         Rampage  .   (no gloves)
Will     .....     Rnd*Rage +   l - +0 pair of boots
Stlth    ..........             (no amulet)
HPRegen  0.20/turn              p - ring of ice
MPRegen  0.13/turn              (no ring)

@: hasted, quick
A: hooves 1, berserk 1, dopey 1, negative energy resistance 1, electricity
resistance, unbreathing, petrification resistance, miasma immunity, AC +7
a: Renounce Religion, Bend Time, Temporal Distortion


You were on level 9 of the Dungeon.
You worshipped Cheibriados.
Cheibriados was most pleased with you.
You visited 2 branches of the dungeon, and saw 10 of its levels.

You collected 588 gold pieces.
You spent 452 gold pieces at shops.

Inventory:

Hand Weapons
 a - a +0 flail
 B - a +3 halberd of protection (weapon)
Missiles
 n - 5 curare-tipped darts (quivered)
 C - a throwing net
Armour
 b - a +0 scale mail
 c - a +0 kite shield
 i - a +0 pair of boots
 k - a +0 scale mail
 l - a +0 pair of boots (worn)
 y - a scarf of resistance (worn)
 F - a +0 helmet (worn)
 I - a +0 chain mail (worn)
Magical Staves
 J - an uncursed staff of death
Jewellery
 p - a ring of ice (left hand)
 w - a -4 ring of intelligence
 G - an uncursed amulet of inaccuracy
Wands
 m - a wand of polymorph (5)
 u - a wand of iceblast (5)
Scrolls
 e - a scroll of identify
 f - 3 scrolls of remove curse
 h - a scroll of amnesia {unknown}
 j - a scroll of enchant armour {unknown}
 s - a scroll of blinking
 z - a scroll of magic mapping {unknown}
 D - 2 scrolls of immolation
 E - a scroll of enchant weapon {unknown}
Potions
 d - a potion of might
 g - 2 potions of curing
 o - 2 potions of haste
 q - 2 potions of mutation
 t - 3 potions of resistance
 x - 2 potions of attraction {unknown}
 A - 2 potions of invisibility {unknown}
 H - a potion of cancellation {unknown}


   Skills:
 + Level 8.9 Fighting
 - Level 5.2 Maces & Flails
 + Level 6.8 Polearms
 + Level 8.9 Armour
 + Level 9.0 Shields
 + Level 2.7 Invocations


You had 9 spell levels left.
You didn't know any spells.
Your spell library contained the following spells:

 Spells                   Type           Power        Failure   Level
 Beastly Appendage        Tmut           0%           80%         1
 Wereblood                Tmut           0%           90%         2
 Spider Form              Tmut/Pois      0%           99%         3
 Ice Form                 Ice/Tmut       0%           100%        4
 Blade Hands              Tmut           0%           100%        5
 Malign Gateway           Summ/Tloc      0%           100%        7
 Orb of Destruction       Conj           0%           100%        7
 Spellforged Servitor     Conj/Summ      0%           100%        7
 Summon Hydra             Summ           0%           100%        7


Dungeon Overview and Level Annotations

Branches:
Dungeon (9/15)             Temple (1/1) D:7
   Lair: D:8-11         Orc: D:9-12

Altars:
Cheibriados
Gozag
Kikubaaqudgha
Okawaru
Sif Muna
Trog
Vehumet
Wu Jian
Yredelemnul
The Shining One

Shops:
D:4 *   D:6 !


Innate Abilities, Weirdness & Mutations

You are resistant to torment.
Your stone body is resilient. (AC +7)
You are immune to poison.
You resist negative energy. (rN+)
You are resistant to electric shocks. (rElec)
You can survive without breathing.
You are immune to petrification.
You are immune to miasma.
You have large cloven feet.
You tend to lose your temper in combat.
You are dopey. (Int -2)


Message History

The killer bee stings you but does no damage.
The killer bee barely misses you. x2; The killer bee closely misses you.
You barely miss the killer bee. The killer bee stings you.
* * * LOW HITPOINT WARNING * * *
The killer bee stings you!
* * * LOW HITPOINT WARNING * * *
The killer bee closely misses you.
The killer bee stings you but does no damage.
You feel better. The killer bee barely misses you.
The killer bee stings you but does no damage.
The killer bee closely misses you.
The killer bee stings you but does no damage.
The killer bee misses you. The killer bee closely misses you.
The killer bee stings you but does no damage.
You completely miss the killer bee.
The killer bee is no longer berserk.
The killer bee stings you but does no damage. x3
The killer bee barely misses you. The killer bee stings you.
* * * LOW HITPOINT WARNING * * *
The killer bee stings you!
You die...

#...†...# #....$..#
##.......#
#........#
#..).....#
#......n>#
##..y....##.>
##yyy.......#
#####@y.......#
###.......#.....##.
#..................
###..#..##.........
#.###............
### #............
#.<.....(....
##..........#
#......#....


You could see a necrophage (inner flame) and 5 killer bees.

Vanquished Creatures
  2 two-headed ogres (D:8)
  Joseph (D:7)
  2 centaur skeletons (D:5)
  A human (D:7)
  4 hogs (D:7)
  A wyvern (D:7)
  2 sky beasts
  2 phantoms
  4 ogres
  An orc warrior (D:6)
  2 big kobolds
  6 bullfrogs
  A gnoll sergeant (D:7)
  2 scorpions
  4 killer bees
  2 centaur zombies
  6 howler monkeys
  2 bullfrog zombies (D:7)
  A bullfrog skeleton (D:7)
  An orc priest (D:3)
  5 hounds
  Jessica (D:7)
  4 iguanas
  4 orc wizards
  6 worker ants
  2 hound skeletons
  A worker ant zombie (D:6)
  14 adders
  12 gnolls
  A white imp (D:6)
  An ufetubus (D:7)
  4 oozes
  3 worms
  A dart slug (D:1)
  6 leopard geckos
  9 orcs
  3 ball pythons
  6 bats
  6 giant cockroaches
  4 hobgoblins
  17 jackals
  6 quokkas
  6 frilled lizards
  7 goblins
  30 kobolds
  6 rats
212 creatures vanquished.

Vanquished Creatures (others)
  45 plants
45 creatures vanquished.

Grand Total: 257 creatures vanquished

Notes
Turn   | Place    | Note
-------+----------+-------------------------------------------
     0 | D:1      | windgrace the Gargoyle Fighter began the quest for the Orb.
     0 | D:1      | Reached XP level 1. HP: 14/14 MP: 1/1
    89 | D:1      | Reached XP level 2. HP: 19/19 MP: 2/2
   421 | D:1      | Reached XP level 3. HP: 23/23 MP: 3/3
   905 | D:2      | Reached XP level 4. HP: 24/29 MP: 4/4
  1237 | D:2      | Reached skill level 4 in Shields
  1745 | D:3      | Reached XP level 5. HP: 27/33 MP: 5/5
  2345 | D:3      | Reached XP level 6. HP: 39/39 MP: 6/6
  3039 | D:4      | Reached skill level 5 in Shields
  3104 | D:4      | Found an iron altar of Okawaru.
  3169 | D:4      | Reached skill level 5 in Fighting
  3269 | D:4      | Found Idirrira's Assorted Antiques.
  3277 | D:4      | Reached skill level 5 in Armour
  3277 | D:4      | Reached XP level 7. HP: 39/44 MP: 7/7
  3320 | D:4      | Bought a bronze ring for 155 gold pieces
  3490 | D:4      | Found a glowing golden altar of the Shining One.
  3659 | D:4      | Found an opulent altar of Gozag.
  3659 | D:4      | Found an ancient bone altar of Kikubaaqudgha.
  3660 | D:4      | Found a snail-covered altar of Cheibriados.
  3660 | D:4      | Found a basalt altar of Yredelemnul.
  3674 | D:4      | Became a worshipper of Cheibriados the Contemplative
  4094 | D:5      | Entered Level 5 of the Dungeon
  4175 | D:5      | Reached skill level 5 in Maces & Flails
  4175 | D:5      | Reached skill level 6 in Shields
  4175 | D:5      | Reached XP level 8. HP: 51/51 MP: 8/8
  5161 | D:6      | Reached * piety under Cheibriados
  5230 | D:6      | Reached skill level 1 in Polearms
  5676 | D:6      | Reached XP level 9. HP: 38/56 MP: 9/9
  5784 | D:6      | Identified Kyajimogh's Grimoire of Greatest Risks and
                  | Utility
  6045 | D:6      | Found Jovvi's Distillery.
  6054 | D:6      | Bought a potion of resistance for 110 gold pieces
  6054 | D:6      | Bought 2 potions of curing for 66 gold pieces
  6054 | D:6      | Bought 2 potions of curing for 66 gold pieces
  6054 | D:6      | Bought a potion of heal wounds for 55 gold pieces
  6243 | D:7      | Reached skill level 7 in Shields
  6755 | D:7      | Reached ** piety under Cheibriados
  6791 | D:7      | Noticed Joseph
  6814 | D:7      | Killed Joseph
  6897 | D:7      | Found a staircase to the Ecumenical Temple.
  7049 | D:7      | Reached skill level 5 in Polearms
  7344 | D:7      | Noticed Jessica
  7348 | D:7      | Killed Jessica
  7351 | D:7      | Found a shimmering blue altar of Sif Muna.
  7628 | D:7      | Reached skill level 8 in Shields
  7628 | D:7      | Reached XP level 10. HP: 59/64 MP: 10/10
  7869 | Temple   | Entered the Ecumenical Temple
  8046 | D:8      | Reached *** piety under Cheibriados
  8271 | D:8      | Noticed a two-headed ogre
  8282 | D:8      | Killed a two-headed ogre
  8283 | D:8      | Reached skill level 1 in Invocations
  8888 | D:8      | Noticed a two-headed ogre
  8902 | D:8      | Killed a two-headed ogre
  9296 | D:9      | Noticed a two-headed ogre
  9305 | D:9      | Gained mutation: You are dopey. (Int -2) [potion of
                  | mutation]
  9305 | D:9      | Gained mutation: You tend to lose your temper in combat.
                  | [potion of mutation]
  9305 | D:9      | Gained mutation: You have large cloven feet. [potion of
                  | mutation]
  9309 | D:9      | Reached skill level 9 in Shields
  9318 | D:9      | HP: 3/65 [killer bee (3)]
  9324 | D:9      | HP: 3/65 [killer bee (1)]
  9330 | D:9      | HP: 3/65 [killer bee (8)]
  9332 | D:9      | Slain by a killer bee

Illustrated notes

Levels and vault maps discovered:
D:1:      dpeg_arrival_rooms_c, layout_loops_ring
D:2:      layout_basic, serial_bayou, serial_bayou_lake_a, serial_bayou_pond_b,
          serial_bayou_shore_a, serial_bayou_lagoon_a, chequers_mini_garden,
          minmay_tiny_reverse_x
D:3:      minmay_chambers_of_twos, layout_basic
D:4:      kennysheep_kobold_camp, layout_basic, grunt_temple_overflow_open,
          serial_shops, shop, okawaru_metal_pillars_1_2
D:5:      layout_layer_cave
D:6:      kennysheep_windowed_halls, layout_basic, serial_shops, shop,
          nicolae_lava_and_water
D:7:      layout_basic, minmay_temple_entry_arrows, grunt_livestock, tgw_sif,
          uniq_joseph
D:8:      layout_loops_corners
D:9:      layout_cave_pools, kennysheep_mini, erik_lair_orcish_takeover,
          special_room [special_room_bee], uniq_maurice
Temple:   lightli_temple_of_artemis

Skill      XL: |  1  2  3  4  5  6  7  8  9 10 |
---------------+-------------------------------+-----
Fighting       | 4 5 6 7 8 |  8.9
Shields        | 4 5 6 8 9 |  9.0
Armour         | 4 5 6 7 8 |  8.9
Maces & Flails | 3 4 5 |  5.2
Polearms       | 2 5 6 |  6.8
Invocations    | 2 |  2.7

Action                   |  1- 3 |  4- 6 |  7- 9 | 10-12 || total
-------------------------+-------+-------+-------+-------++-------
Melee: Flail             |    98 |   292 |   166 |       ||   556
       Halberd           |       |       |   251 |   146 ||   397
Throw: Dart              |       |       |     4 |       ||     4
Invok: Bend Time         |       |       |       |     2 ||     2
  Use: Potion            |       |     2 |     4 |    11 ||    17
       Scroll            |       |       |     2 |     5 ||     7
 Stab: Fleeing           |       |       |       |     1 ||     1
Armor: Scale mail        |    50 |   136 |   329 |    85 ||   600
       Chain mail        |       |       |       |   108 ||   108
Dodge: Dodged            |    26 |    91 |   206 |   154 ||   477
Block: Kite shield       |    49 |   150 |   104 |       ||   303
